 Dungeon Crawl Stone Soup version 0.30.0-29-ga12c61a403 (webtiles) character file.

Game seed: 4638390585846007626

1477 qw the Cleaver (level 8, -12/52 HPs)
             Began as a Gargoyle Fighter on June 5, 2023.
             Was an Initiate of Okawaru.
             Mangled by an orc warrior
             ... wielding a +0 halberd
              (13 damage)
             ... on level 6 of the Dungeon.
             The game lasted 00:02:52 (6081 turns).

qw the Cleaver (Gargoyle Fighter)                   Turns: 6081, Time: 00:02:53

Health: -12/52     AC: 18    Str: 18    XL:     8   Next: 79%
Magic:  8/8        EV:  7    Int:  7    God:    Okawaru [......]
Gold:   320        SH:  4    Dex: 13    Spells: 7/7 levels left

rFire   . . .        Y - +0 broad axe
rCold   . . .        c - +0 buckler
rNeg    + . .        k - +0 chain mail
rPois   inf          e - +2 helmet
rElec   +            (no cloak)
rCorr   .            (no gloves)
SInv    .            (no boots)
Will    +....        (no amulet) Stlth
                     f - ring of willpower
HPRegen 0.28/turn    (no ring)
MPRegen 0.11/turn

%: no passive effects
@: no status effects
A: sickness immunity, AC +5, negative energy resistance 1, electricity
resistance, torment resistance 1, petrification resistance, talons 1, agile 1,
dopey 1, weak 1
a: Renounce Religion


You were on level 6 of the Dungeon.
You worshipped Okawaru.
Okawaru was noncommittal.
You visited 2 branches of the dungeon, and saw 7 of its levels.
You also visited: Sewer.

You collected 320 gold pieces.


Innate Abilities, Weirdness & Mutations

You are immune to sickness and miasma.
Your stone body is resilient. (AC +5)
You are immune to poison.
You resist negative energy. (rN+)
You are resistant to electric shocks. (rElec)
You are resistant to unholy torment.
You are immune to petrification.
You have sharp toenails.
You are agile. (Dex +4, Str/Int -1)
You are dopey. (Int -2)
You are weak. (Str -2)


   Skills:
 - Level 6.3 Fighting
 + Level 8.4 Axes
 - Level 4.0 Armour
 - Level 1.0 Dodging
 - Level 3.2 Shields


You had 7 spell levels left.
You didn't know any spells.
Your spell library was empty.

Inventory:

Hand Weapons
 n - a +0 flail
 Y - a +0 broad axe (weapon)
Armour
 c - a +0 buckler (worn)
 e - a +2 helmet (worn)
 k - a +0 chain mail (worn)
Jewellery
 f - a ring of willpower (left hand)
Scrolls
 a - a scroll of identify
Potions
 b - 3 potions of curing
 d - 3 potions of might
 g - a potion of resistance
 i - 3 potions of haste
 j - a potion of cancellation
 l - a potion of lignification {unknown}
 m - a potion of mutation
 o - a potion of berserk rage {unknown}
 r - a potion of flight {unknown}

Dungeon Overview and Level Annotations

Branches:
Dungeon (6/15)             Temple (1/1) D:4           Sewer (visited)

Altars:
Ashenzari
Cheibriados
Dithmenos
Elyvilon
Fedhas
Gozag
Hepliaklqana
Kikubaaqudgha
Makhleb
Okawaru
Qazlal
Ru
Sif Muna
Trog
Uskayaw
Vehumet
Yredelemnul
Zin
The Shining One


Message History

The orc warrior is moderately wounded.
You closely miss the orc. The orc hits you with a +0 hand axe.
The orc warrior hits you with a +0 halberd.
You barely miss the orc warrior.
You claw the orc warrior, but do no damage.
The orc warrior is moderately wounded.
You hit the orc but do no damage. The orc barely misses you.
The orc warrior hits you with a +0 halberd.
The orc warrior closely misses you. The orc hits you with a +0 hand axe.
You barely miss the orc warrior.
You claw the orc warrior, but do no damage.
The orc warrior is moderately wounded.
You slash the orc!
You kill the orc!
Okawaru accepts your kill.
The orc warrior hits you with a +0 halberd.
You slash the orc warrior! Your kick misses the orc warrior.
The orc warrior is heavily wounded.
The orc warrior hits you with a +0 halberd.
You hit the orc warrior but do no damage.
The orc warrior is heavily wounded.
The orc warrior hits you but does no damage.
You barely miss the orc warrior.
You claw the orc warrior, but do no damage.
The orc warrior is heavily wounded.
The orc warrior closely misses you.
You barely miss the orc warrior.
The orc warrior is heavily wounded.
The orc warrior barely misses you.
The orc warrior hits you with a +0 halberd!
You hit the orc warrior but do no damage.
Your kick misses the orc warrior.
The orc warrior is heavily wounded.
You block the orc warrior's attack.
You barely miss the orc warrior. Your kick misses the orc warrior.
The orc warrior is heavily wounded.
The orc warrior hits you with a +0 halberd!
You die...

### ####.#
..#<# #.#.#
###.#.#
#..o@.#
#.#)###
.............#
.####..#####.#
.... .....
#.####. # o.
..


You could see an orc warrior.

Vanquished Creatures
  Sigmund (D:2)
  Duvessa (D:4)
  A water moccasin (D:5)
  A black bear (D:5)
  A phantom (D:5)
  2 bullfrogs (Sewer)
  3 scorpions (D:5)
  Dowan (D:4)
  A hound (D:4)
  A gnoll bouda (D:3)
  3 iguanas
  A sleepcap (D:4)
  An orc wizard (D:4)
  Natasha (thrice) (D:2)
  7 adders
  6 gnolls
  5 river rats (Sewer)
  2 ufetubi (D:5)
  2 worms
  5 dart slugs
  17 orcs
  12 endoplasms
  5 giant cockroaches
  6 hobgoblins
  2 jackals (D:2)
  6 kobolds
  2 quokkas
  20 ball pythons
  5 bats
  2 frilled lizards
  7 goblins
  30 rats
162 creatures vanquished.

Notes
Turn   | Place    | Note
-------+----------+-------------------------------------------
     0 | D:1      | qw the Gargoyle Fighter began the quest for the Orb.
     0 | D:1      | Reached XP level 1. HP: 14/14 MP: 1/1
     0 | D:1      | 0 ||| qw: Version: 0.2-a-108-gee2c290
     0 | D:1      | 0 ||| qw: Game counter: 1467
     0 | D:1      | 0 ||| qw: Always use a shield: true
     0 | D:1      | 0 ||| qw: God list: Okawaru
     0 | D:1      | 0 ||| qw: Allow faded altars: false
     0 | D:1      | 0 ||| qw: Do Orc after D:15 true
     0 | D:1      | 0 ||| qw: Do second Lair branch before Depths: true
     0 | D:1      | 0 ||| qw: Lair rune preference: random
     0 | D:1      | 0 ||| qw: Plans: Normal, Zot:1-4, Slime:5, God:TSO, Crypt,
                  | Tomb, Abyss, Pan, Hells, Win
     0 | D:1      | 0 ||| PLANNING D:1-11
    28 | D:1      | 28 ||| Stepping ~*~*~tactically~*~*~ (stealth).
    29 | D:1      | 29 ||| Stepping ~*~*~tactically~*~*~ (stealth).
    38 | D:1      | Reached skill level 2 in Axes
   189 | D:1      | Reached XP level 2. HP: 13/19 MP: 2/2
   307 | D:1      | 307 ||| Stepping ~*~*~tactically~*~*~ (hiding).
   309 | D:1      | 309 ||| Stepping ~*~*~tactically~*~*~ (hiding).
   409 | D:1      | Found a faded altar of an unknown god.
   798 | D:1      | 798 ||| UPGRADING to +2 helmet.
   803 | D:1      | 803 ||| UPGRADING to +0 chain mail.
   813 | D:1      | 813 ||| DROPPING +0 scale mail.
   814 | D:1      | 814 ||| READING scroll labelled XIS IX IMNEPP.
   815 | D:1      | 815 ||| READING scroll labelled SAIDON KUOKKI.
   857 | D:2      | Reached skill level 3 in Axes
   857 | D:2      | Reached XP level 3. HP: 15/23 MP: 3/3
   915 | D:2      | 915 ||| Stepping ~*~*~tactically~*~*~ (stealth).
   949 | D:2      | 949 ||| Stepping ~*~*~tactically~*~*~ (stealth).
  1019 | D:2      | 1019 ||| FLEEEEING.
  1044 | D:2      | 1044 ||| DROPPING +0 mace.
  1058 | D:2      | Noticed Sigmund
  1069 | D:2      | HP: 3/23 [Sigmund/+0 scythe (3)]
  1070 | D:2      | Killed Sigmund
  1071 | D:2      | Reached skill level 5 in Axes
  1071 | D:2      | Reached XP level 4. HP: 4/28 MP: 4/4
  1071 | D:2      | Reached XP level 5. HP: 5/32 MP: 5/5
  1202 | D:2      | Noticed Natasha
  1211 | D:2      | Killed Natasha
  1212 | D:2      | Reached XP level 6. HP: 34/38 MP: 6/6
  1219 | D:2      | Noticed Natasha
  1224 | D:2      | Killed Natasha
  1313 | D:2      | 1313 ||| Stepping ~*~*~tactically~*~*~ (hiding).
  1314 | D:2      | 1314 ||| Stepping ~*~*~tactically~*~*~ (hiding).
  1462 | D:2      | 1462 ||| Stepping ~*~*~tactically~*~*~ (stealth).
  1464 | D:2      | Noticed Natasha
  1465 | D:2      | 1465 ||| Stepping ~*~*~tactically~*~*~ (hiding).
  1478 | D:2      | Killed Natasha
  1543 | D:2      | 1543 ||| Stepping ~*~*~tactically~*~*~ (stealth).
  1839 | D:2      | 1839 ||| READING 2 scrolls labelled SEGELL WAFUFE.
  1840 | D:2      | 1840 ||| READING scroll labelled POLATRIXOK.
  1941 | D:2      | 1941 ||| READING 2 scrolls labelled TEISHR BIUKHLIA.
  1942 | D:2      | 1942 ||| READING scroll of enchant weapon.
  1942 | D:2      | 1942 ||| ENCHANTING +1 war axe.
  1943 | D:2      | 1943 ||| READING scroll labelled LEKOAP VOCVEA.
  1944 | D:2      | 1944 ||| DRINKING 2 viscous amethyst potions.
  1945 | D:2      | 1945 ||| DRINKING 2 silvery potions.
  1952 | D:2      | 1952 ||| DRINKING 2 lumpy brown potions.
  1953 | D:2      | 1953 ||| DROPPING scroll of amnesia.
  1954 | D:2      | 1954 ||| DROPPING potion of brilliance.
  1955 | D:2      | 1955 ||| DROPPING potion of ambrosia.
  2137 | D:3      | 2137 ||| Stepping ~*~*~tactically~*~*~ (stealth).
  2261 | D:3      | Found a glowing golden altar of the Shining One.
  2391 | D:3      | 2391 ||| Stepping ~*~*~tactically~*~*~ (stealth).
  2393 | D:3      | 2393 ||| Stepping ~*~*~tactically~*~*~ (hiding).
  2396 | D:3      | 2396 ||| Stepping ~*~*~tactically~*~*~ (hiding).
  2417 | D:3      | Reached skill level 6 in Axes
  2418 | D:3      | HP: 7/38 [gnoll/+1 whip of electrocution[a gnoll bouda]
                  | (5)]
  2426 | D:3      | HP: 4/38 [gnoll/+1 whip of electrocution[a gnoll bouda]
                  | (6)]
  2684 | D:3      | Found a broken altar of Ashenzari.
  2725 | D:3      | 2725 ||| Stepping ~*~*~tactically~*~*~ (stealth).
  2728 | D:3      | 2728 ||| Stepping ~*~*~tactically~*~*~ (stealth).
  2735 | D:3      | 2735 ||| Stepping ~*~*~tactically~*~*~ (stealth).
  2839 | D:3      | 2839 ||| Stepping ~*~*~tactically~*~*~ (hiding).
  3116 | D:3      | 3116 ||| READING scroll labelled OCIOTE BAZU.
  3138 | D:4      | 3138 ||| PLANNING SEWER
  3182 | D:4      | 3182 ||| Stepping ~*~*~tactically~*~*~ (hiding).
  3184 | D:4      | 3184 ||| Stepping ~*~*~tactically~*~*~ (hiding).
  3189 | D:4      | Reached skill level 1 in Dodging
  3381 | D:4      | Found a glowing drain.
  3395 | D:4      | Reached XP level 7. HP: 43/43 MP: 7/7
  3408 | Sewer    | Entered a sewer
  3513 | Sewer    | 3513 ||| Stepping ~*~*~tactically~*~*~ (water).
  3638 | Sewer    | 3638 ||| Stepping ~*~*~tactically~*~*~ (stealth).
  3694 | Sewer    | Reached skill level 7 in Axes
  3802 | Sewer    | 3802 ||| READING 3 scrolls labelled HUSCHEALUWY.
  3803 | Sewer    | 3803 ||| DRINKING 2 green potions.
  3804 | Sewer    | 3804 ||| DROPPING 2 scrolls of blinking.
  3808 | D:4      | 3808 ||| PLANNING D:1-11
  3896 | D:4      | Noticed Dowan
  3897 | D:4      | Noticed Duvessa
  3909 | D:4      | Killed Dowan
  3909 | D:4      | Killed Duvessa
  3910 | D:4      | Reached XP level 8. HP: 41/49 MP: 8/8
  3938 | D:4      | Found a staircase to the Ecumenical Temple.
  3940 | D:4      | 3940 ||| PLANNING TEMPLE
  3940 | D:4      | 3940 ||| UPGRADING to ring of willpower.
  3941 | D:4      | 3941 ||| DRINKING 2 sapphire potions.
  3942 | D:4      | 3942 ||| DROPPING potion of degeneration.
  3949 | Temple   | Entered the Ecumenical Temple
  3955 | Temple   | 3955 ||| PLANNING OKAWARU WORSHIP
  4070 | Temple   | Became a worshipper of Warmaster Okawaru
  4070 | Temple   | 4070 ||| PLANNING D:1-11
  4131 | D:4      | 4131 ||| Stepping ~*~*~tactically~*~*~ (stealth).
  4162 | D:4      | 4162 ||| Stepping ~*~*~tactically~*~*~ (hiding).
  4189 | D:4      | 4189 ||| Stepping ~*~*~tactically~*~*~ (hiding).
  4524 | D:4      | Found a shadowy altar of Dithmenos.
  4573 | D:4      | 4573 ||| Stepping ~*~*~tactically~*~*~ (stealth).
  4598 | D:4      | Found an ancient bone altar of Kikubaaqudgha.
  5112 | D:4      | 5112 ||| DRINKING 2 bubbling clear potions.
  5112 | D:4      | Gained mutation: You have hidden genetic defects. [potion
                  | of mutation]
  5112 | D:4      | Gained mutation: You have sharp toenails. [potion of
                  | mutation]
  5112 | D:4      | Gained mutation: You are agile. (Dex +4, Str/Int -1)
                  | [potion of mutation]
  5156 | D:5      | Entered Level 5 of the Dungeon
  5213 | D:5      | Reached skill level 8 in Axes
  5407 | D:5      | 5407 ||| Stepping ~*~*~tactically~*~*~ (stealth).
  5409 | D:5      | 5409 ||| Stepping ~*~*~tactically~*~*~ (stealth).
  5421 | D:5      | Gained mutation: You are dopey. (Int -2) [hidden defects]
  5555 | D:5      | Reached skill level 6 in Fighting
  5597 | D:5      | 5597 ||| Stepping ~*~*~tactically~*~*~ (stealth).
  5598 | D:5      | 5598 ||| Stepping ~*~*~tactically~*~*~ (stealth).
  5606 | D:5      | 5606 ||| Stepping ~*~*~tactically~*~*~ (stealth).
  5624 | D:5      | Gained mutation: You are weak. (Str -2) [hidden defects]
  5624 | D:5      | Lost mutation: You have hidden genetic defects. [hidden
                  | defects expressed]
  5626 | D:5      | 5626 ||| Stepping ~*~*~tactically~*~*~ (stealth).
  5839 | D:5      | 5839 ||| SWAPPING to +0 broad axe.
  5840 | D:5      | 5840 ||| DROPPING +2 war axe.
  6022 | D:5      | 6022 ||| READING scroll labelled TOEKARGH BOLUSS.
  6051 | D:6      | 6051 ||| Stepping ~*~*~tactically~*~*~ (stealth).
  6053 | D:6      | 6053 ||| Stepping ~*~*~tactically~*~*~ (stealth).
  6057 | D:6      | 6057 ||| Stepping ~*~*~tactically~*~*~ (hiding).
  6070 | D:6      | HP: 13/52 [orc warrior/+0 halberd (6)]
  6071 | D:6      | 6071 ||| DRINKING potion of heal wounds.
  6075 | D:6      | HP: 13/52 [orc warrior/+0 halberd (6)]
  6079 | D:6      | HP: 1/52 [orc warrior/+0 halberd (9)]
  6081 | D:6      | Mangled by an orc warrior

Levels and vault maps discovered:
D:1:      dpeg_arrival_leaves_temple_mockup, layout_basic,
          shapermc_ecumenical_altar_gd
D:2:      layout_basic, minmay_octomino_e4, uniq_sigmund, uniq_natasha
D:3:      layout_basic, evilmike_ruin_ashenzari, tso_altar,
          lightli_corner_chamber
D:4:      layout_layer_cave, general_overflow_altar,
          grunt_dithmenos_smoke_and_mirrors, minmay_temple_entry_crystal_x,
          gup_sewer_entry_glass, uniq_duvessa
D:5:      layout_loops_corners, skrybe_limestone_x, minmay_chambers_of_fives
D:6:      layout_basic
Temple:   regret_index_temple_waves

Skill      XL: |  1  2  3  4  5  6  7  8 |
---------------+-------------------------+-----
Axes           | 2 3 5 6 7 8 |  8.4
Fighting       | 4 5 6 |  6.3
Dodging        | 1 |  1.0
Armour         | 4 |  4.0
Shields        | |  3.2

Action                     |  1- 3 |  4- 6 |  7- 9 || total
---------------------------+-------+-------+-------++-------
  Melee: War axe           |    59 |   162 |   199 ||   420
         Broad axe         |       |       |    21 ||    21
         Kick              |       |       |    18 ||    18
    Use: Scroll            |     2 |     6 |     2 ||    10
         Potion            |       |     3 |     4 ||     7
 Armour: Scale mail        |    16 |       |       ||    16
         Chain mail        |    11 |    84 |   169 ||   264
  Dodge: Dodged            |    26 |    48 |   103 ||   177
  Block: Buckler           |     6 |    19 |    55 ||    80

Table legend:
 A = Non-vault XP
 B = Vault XP
 C = Vault XP percentage of total XP
 D = Non-vault monster count
 E = Vault monster count
 F = Vault count percentage of total count
                 A         B        C        D         E       F
            +---------+---------+-------+---------+---------+-------
      Total |    1088 |    1023 |  48.5 |      99 |      63 |  38.9
            +---------+---------+-------+---------+---------+-------
        D:1 |      29 |       0 |   0.0 |      18 |       0 |   0.0
        D:2 |     146 |     266 |  64.6 |      30 |       5 |  14.3
        D:3 |     164 |       0 |   0.0 |      26 |       0 |   0.0
        D:4 |     179 |     231 |  56.3 |      13 |       5 |  27.8
        D:5 |     558 |     203 |  26.7 |       8 |       5 |  38.5
        D:6 |      12 |       0 |   0.0 |       4 |       0 |   0.0
      Sewer |       0 |     323 | 100.0 |       0 |      48 | 100.0
            +---------+---------+-------+---------+---------+-------
